 Dungeon Sprint DCSS version 0.17-a0-1262-gd250d98 (webtiles) character file.

5201 nuthulu the Peltast (level 10, 0/104 HPs)
             Began as a Minotaur Fighter on June 6, 2015.
             Was the Champion of Cheibriados.
             Slain by an Ice Fiend (19 damage)
             ... summoned by an ancient lich
             ... in the Dungeon (Sprint V: "Ziggurat Sprint").
             The game lasted 00:03:41 (616 turns).

nuthulu the Peltast (Minotaur Fighter)               Turns: 616, Time: 00:03:41

Health: 0/104      AC: 31    Str: 54    XL:     10   Next: 34%
Magic:  4/10       EV:  9    Int: 20    God:    Cheibriados [******]
Gold:   0          SH: 37    Dex: 25    Spells: 0 memorised, 9 levels left

rFire  . . .     SeeInvis +     J - +14 obsidian axe {chop, +Fly Str+3 SInv *Curse} (curse)
rCold  . . .     Clarity  .     K - +15 Maxwell's patent armour {-Cast -Tele rElec MR+ rCorr}
rNeg   + . .     SustAt   .     L - +18 shield of the gong {rElec rN+ MR+ EV-5}
rPois  +         Gourm    .     (helmet restricted)
rElec  +         Spirit   .     (no cloak)
rCorr  +         Warding  .     (no gloves)
rMut   .         NoTele   +     (no boots)
MR     ++...     NoCast   +     N - amulet of Sunlight {Faith rElec rPois SInv}
Stlth  ..........               E - +6 ring of strength
                                D - +6 ring of strength

@: mesmerised, studying Stealth, very slow, very resistant to hostile
enchantments, extremely unstealthy
A: retaliatory headbutt, horns 2
a: Bend Time, Temporal Distortion, Slouch, Step From Time, Renounce Religion,
Evoke Flight


You were in the Dungeon.
You worshipped Cheibriados.
Cheibriados was exalted by your worship.
You were not hungry.

You visited 1 branch

Inventory:

Hand weapons
 J - the cursed +14 obsidian axe (weapon) {chop, +Fly Str+3 SInv *Curse}
   (You found it in the Dungeon)

   It inflicts extra damage upon your enemies.
   It affects your strength (+3).
   It lets you see invisible.
   It lets you fly.
   It may re-curse itself when equipped.
   It has a curse placed upon it.
Armour
 K - the +15 Maxwell's patent armour (worn) {-Cast -Tele rElec MR+ rCorr}
   (You found it in the Dungeon)

   It insulates you from electricity.
   It affects your resistance to hostile enchantments.
   It prevents spellcasting.
   It prevents most forms of teleportation.
   It protects you from acid and corrosion.
 L - the +18 shield of the gong (worn) {rElec rN+ MR+ EV-5}
   (You found it in the Dungeon)

   It affects your evasion (-5).
   It insulates you from electricity.
   It protects you from negative energy.
   It affects your resistance to hostile enchantments.
Jewellery
 a - a +3 ring of strength
 o - a +3 ring of protection
 y - a +6 ring of dexterity
 A - a +6 ring of dexterity
 B - a +6 ring of intelligence
 C - a +6 ring of intelligence
 D - a +6 ring of strength (left hand)
 E - a +6 ring of strength (right hand)
 M - an uncursed ring of positive energy
 N - the amulet of Sunlight (around neck) {Faith rElec rPois SInv}
   (You found it in the Dungeon)

   [amulet of faith]

   It allows you to gain divine favour quickly.
   It insulates you from electricity.
   It protects you from poison.
   It lets you see invisible.
Magical devices
 F - a wand of disintegration (7)
 G - a wand of fire (5)
 H - a wand of cold (5)
 I - a wand of draining (5)
Scrolls
 k - 4 scrolls of blinking
 q - 4 scrolls of amnesia
 r - 3 scrolls of recharging
 s - 7 scrolls of fog
 t - a scroll of holy word
 u - 5 scrolls of identify
 v - 5 scrolls of remove curse
 w - 2 scrolls of fear
Potions
 d - 6 potions of might
 f - 10 potions of curing
 g - 7 potions of heal wounds
 h - 6 potions of haste
 i - 7 potions of magic
 j - 3 potions of berserk rage
 l - 2 potions of brilliance
 m - 2 potions of invisibility
 n - 4 potions of resistance
 p - 7 potions of agility
Books
 O - a manual of Stealth
Comestibles
 e - 5 bread rations
 x - 42 fruits
 z - 4 meat rations
 P - 3 royal jellies


   Skills:
 + Level 14.9 Fighting
 + Level 13.1 Axes
 + Level 13.5 Armour
 + Level 4.2 Dodging
 + Level 15.7 Shields
 * Level 2.6 Invocations


You had 9 spell levels left.
You didn't know any spells.

Dungeon Overview and Level Annotations

Branches:
Dungeon (1/1)

Altars:
Ashenzari
Cheibriados
Dithmenos
Elyvilon
Fedhas
Gozag
Kikubaaqudgha
Makhleb
Nemelex Xobeh
Okawaru
Qazlal
Ru
Sif Muna
Trog
Vehumet
Xom
Yredelemnul
Zin
The Shining One
Beogh
Jiyva
Lugonu


Innate Abilities, Weirdness & Mutations

You reflexively headbutt those who attack you in melee.
You have a pair of horns on your head.


Message History

It doesn't seem very happy.
The Ice Fiend is lightly wounded.
Visions of slaying the sixfirhy flood into your mind.
You block the hell beast's attack.
GONNNNG!
You block the hell beast's attack.
GONNNNG!
Unknown command.
Drink which item? (? for menu, Esc to quit)
You feel much better.
Visions of slaying the hell beast flood into your mind.
The sixfirhy hits you but does no damage.
You block the hell beast's attack.
GONNNNG!
You block the hell beast's attack.
SHROANNG!
The Ice Fiend claws you! The Ice Fiend freezes you!! The Ice Fiend claws you!
* * * LOW HITPOINT WARNING * * *
The Ice Fiend freezes you!!
You die...

▓▓▓▓▓▓▓▓▓▓▓▓▓▓▓▓▓▓▓
▓...8©8...▓..8©8..▓
▓..==::=..▓..)[...▓
▓...|:....▓...3...▓
▓....2..g.▓.......▓
▓.........▓.......▓
▓....K....▓...))..▓
▓...2L1...▓..(.)..▓
▓.▓.4@..▓.▓.▓.(.▓.▓
▓.....)...▓...(...▓
▓▓▓▓▓▓▓▓▓▓▓▓▓▓▓▓▓▓▓


You could see an ancient lich (invisible), an Ice Fiend, a hell beast, a shadow
demon, a sixfirhy, a hobgoblin and a kobold.

Vanquished Creatures
  2 black mambas (D)
  A cyclops (D)
  An eye of devastation (D)
  2 yaktaurs (D)
  A troll (D)
  A merfolk (D)
  2 jumping spiders (D)
  2 two-headed ogres (D)
  A blink frog (D)
  A spriggan (D)
  A raiju (D)
  A hippogriff (D)
  A small abomination (D)
  2 wolves (D)
  2 nagas (D)
  2 ogres (D)
  An eye of draining (D)
  A black bear (D)
  4 centaurs (D)
  2 scorpions (D)
  2 crimson imps (D)
  3 jellies (D)
  A quasit (D)
  A sheep (D)
  An adder (D)
  2 oozes (D)
  An ufetubus (D)
  A ball python (D)
43 creatures vanquished.

Vanquished Creatures (collateral kills)
  A yaktaur (D)
1 creature vanquished.

Grand Total: 44 creatures vanquished

Notes
Turn   | Place    | Note
--------------------------------------------------------------
     0 | D        | nuthulu the Minotaur Fighter began the quest for the Orb.
     0 | D        | Reached XP level 1. HP: 19/19 MP: 0/0
     0 | D        | Found a roughly hewn altar of Beogh.
     0 | D        | Found a corrupted altar of Lugonu.
     0 | D        | Found a viscous altar of Jiyva.
     0 | D        | Found a white marble altar of Elyvilon.
     0 | D        | Found a sparkling altar of Nemelex Xobeh.
     0 | D        | Found a burning altar of Makhleb.
     0 | D        | Found an iron altar of Okawaru.
     0 | D        | Found a deep blue altar of Sif Muna.
     0 | D        | Found a radiant altar of Vehumet.
     0 | D        | Found a bloodstained altar of Trog.
     0 | D        | Found a shimmering altar of Xom.
    58 | D        | Became a worshipper of Cheibriados the Contemplative
    59 | D        | Reached skill level 5 in Fighting
    59 | D        | Reached skill level 5 in Armour
    59 | D        | Reached skill level 5 in Shields
    59 | D        | Reached XP level 2. HP: 23/29 MP: 1/1
   123 | D        | Entered arena 1.
   123 | D        | Noticed an ogre
   123 | D        | Noticed a troll
   126 | D        | Killed an ogre
   126 | D        | Reached skill level 7 in Fighting
   126 | D        | Reached skill level 5 in Axes
   126 | D        | Reached XP level 3. HP: 30/39 MP: 2/2
   126 | D        | Reached XP level 4. HP: 36/47 MP: 3/3
   129 | D        | Killed a troll
   129 | D        | Reached skill level 9 in Fighting
   129 | D        | Reached XP level 5. HP: 38/57 MP: 4/4
   129 | D        | Reached XP level 6. HP: 42/64 MP: 5/5
   293 | D        | Entered arena 2.
   293 | D        | Noticed a two-headed ogre
   293 | D        | Noticed an ogre
   293 | D        | Noticed a two-headed ogre
   297 | D        | Killed an ogre
   297 | D        | Acquired Cheibriados's first power
   298 | D        | Killed a two-headed ogre
   298 | D        | Reached skill level 10 in Fighting
   298 | D        | Reached skill level 10 in Armour
   298 | D        | Reached skill level 10 in Shields
   298 | D        | Reached XP level 7. HP: 59/73 MP: 6/6
   298 | D        | Killed a two-headed ogre
   298 | D        | Reached skill level 11 in Fighting
   361 | D        | Entered arena 3.
   361 | D        | Noticed a wolf
   361 | D        | Noticed a wolf
   361 | D        | Noticed a black bear
   361 | D        | Noticed a spriggan
   362 | D        | Killed a wolf
   364 | D        | Killed a wolf
   364 | D        | Acquired Cheibriados's second power
   364 | D        | Reached XP level 8. HP: 81/83 MP: 7/7
   364 | D        | Killed a spriggan
   364 | D        | Reached skill level 12 in Fighting
   365 | D        | Killed a black bear
   377 | D        | Entered arena 4.
   377 | D        | Noticed a jumping spider
   377 | D        | Noticed a jumping spider
   377 | D        | Noticed a scorpion
   377 | D        | Noticed a scorpion
   380 | D        | Killed a scorpion
   381 | D        | Killed a scorpion
   381 | D        | Acquired Cheibriados's third power
   382 | D        | Killed a jumping spider
   385 | D        | Killed a jumping spider
   385 | D        | Reached skill level 13 in Fighting
   401 | D        | Entered arena 5.
   401 | D        | Noticed a centaur
   401 | D        | Noticed a yaktaur
   401 | D        | Noticed a centaur
   401 | D        | Noticed a yaktaur
   401 | D        | Noticed a yaktaur
   404 | D        | Killed a centaur
   404 | D        | Acquired Cheibriados's fourth power
   405 | D        | Killed a yaktaur
   405 | D        | Reached skill level 10 in Axes
   405 | D        | Reached XP level 9. HP: 93/93 MP: 8/8
   405 | D        | Killed a centaur
   405 | D        | Killed a yaktaur
   408 | D        | Killed a yaktaur
   453 | D        | Entered arena 6.
   453 | D        | Noticed a black mamba
   453 | D        | Noticed a naga
   453 | D        | Noticed a naga
   453 | D        | Noticed a black mamba
   455 | D        | Killed a black mamba
   455 | D        | Reached skill level 14 in Fighting
   457 | D        | Killed a black mamba
   457 | D        | Killed a naga
   459 | D        | Killed a naga
   465 | D        | Got the amulet of Sunlight {Faith rElec rPois SInv}
   568 | D        | Entered arena 7.
   568 | D        | Noticed a hippogriff
   568 | D        | Noticed a cyclops
   568 | D        | Noticed a merfolk
   568 | D        | Noticed a centaur
   568 | D        | Noticed a centaur
   571 | D        | Killed a centaur
   571 | D        | Noticed a sun demon
   572 | D        | Killed a merfolk
   572 | D        | Killed a centaur
   573 | D        | Killed a cyclops
   573 | D        | Reached skill level 15 in Shields
   573 | D        | Reached XP level 10. HP: 102/104 MP: 9/9
   573 | D        | Killed a hippogriff
   576 | D        | Killed a sun demon
   591 | D        | Entered arena 8.
   591 | D        | Noticed a jelly
   591 | D        | Noticed a jelly
   591 | D        | Noticed an eye of draining
   591 | D        | Noticed a jelly
   591 | D        | Noticed an eye of devastation
   593 | D        | Killed a jelly
   595 | D        | Killed a jelly
   596 | D        | Killed a jelly
   596 | D        | Reached skill level 1 in Invocations
   597 | D        | Killed an eye of devastation
   598 | D        | Killed an eye of draining
   608 | D        | Entered arena 9.
   608 | D        | Noticed a crimson imp
   608 | D        | Noticed a quasit
   608 | D        | Noticed a raiju
   608 | D        | Noticed a blink frog
   608 | D        | Noticed an ancient lich
   608 | D        | Noticed a small abomination
   608 | D        | Noticed a crimson imp
   610 | D        | Noticed an Ice Fiend
   611 | D        | Noticed a shadow demon
   613 | D        | Noticed a hell beast
   613 | D        | Killed a small abomination
   613 | D        | Killed a crimson imp
   613 | D        | Killed a raiju
   614 | D        | Killed a quasit
   614 | D        | Killed a crimson imp
   614 | D        | Killed a blink frog
   615 | D        | Noticed a sixfirhy
   616 | D        | Slain by an Ice Fiend

Vault maps used:
D:        sprint_v

Action                   |  1- 3 |  4- 6 |  7- 9 | 10-12 || total
-------------------------+-------+-------+-------+-------++-------
Melee: Broad axe         |     2 |     6 |    22 |    11 ||    41
  Use: Potion            |     1 |       |       |     3 ||     4
